 Dungeon Crawl Stone Soup version 0.22-a0-247-gbddf880757 (webtiles) character file.

1533 RedPan the Slasher (level 8, 0/58 HPs)
             Began as a Demonspawn Monk on Feb 26, 2018.
             Was a Believer of Cheibriados.
             Slain by an orc warrior
             ... wielding a +0 mace
              (9 damage)
             ... on level 6 of the Dungeon.
             The game lasted 00:11:54 (5031 turns).

RedPan the Slasher (Demonspawn Monk)                Turns: 5031, Time: 00:11:54

Health: 0/58       AC: 16    Str: 20    XL:     8   Next: 55%
Magic:  0/10       EV: 15    Int: 17    God:    Cheibriados [**....]
Gold:   151        SH: 11    Dex: 22    Spells: 7/7 levels left

rFire    + . .     SeeInvis .   a - +0 falchion
rCold    . . .     Gourm    .   e - +0 shield
rNeg     . . .     Faith    .   b - +0 robe
rPois    .         Spirit   +   (no helmet)
rElec    .         Reflect  .   i - +0 cloak
rCorr    .         Harm     .   (no gloves)
MR       .....                  l - +0 pair of boots
Stlth    ++........             k - amulet of regeneration
HPRegen  0.59/turn              (no ring)
MPRegen  0.12/turn              (no ring)

@: lethally poisoned (0 -> 0), sanguine armour, very slow
A: claws 2, fire resistance 1, magic shield, sanguine armour 3
a: Bend Time, Renounce Religion


You were on level 6 of the Dungeon.
You worshipped Cheibriados.
Cheibriados was pleased with you.
You were not hungry.

You visited 2 branches of the dungeon, and saw 8 of its levels.

You collected 151 gold pieces.

Inventory:

Hand Weapons
 a - a +0 falchion (weapon)
Armour
 b - a +0 robe (worn)
 e - a +0 shield (worn)
 i - a +0 cloak (worn)
 l - a +0 pair of boots (worn)
Jewellery
 k - an amulet of regeneration (around neck)
Wands
 q - a wand of flame (38)
Scrolls
 d - a scroll of fog
 f - 4 scrolls of teleportation
 o - 2 scrolls of remove curse
Potions
 g - a potion of brilliance
 h - 2 potions of curing
 m - 2 potions of heal wounds
 n - a potion of flight
Comestibles
 c - 10 rations
 j - a chunk of flesh


   Skills:
 - Level 3.0 Fighting
 * Level 6.7 Long Blades
 + Level 5.8 Dodging
 - Level 1.7 Stealth
 + Level 4.8 Shields
 - Level 3.2 Invocations


You had 7 spell levels left.
You didn't know any spells.

Dungeon Overview and Level Annotations

Branches:
Dungeon (7/15)             Temple (1/1) D:4

Altars:
Ashenzari
Cheibriados
Fedhas
Gozag
Makhleb
Ru
Sif Muna
Trog
Uskayaw
Vehumet
Xom
Yredelemnul
The Shining One

Shops:
D:4 :

Annotations:
D:7 Veteran's ghost, novice DEWz


Innate Abilities, Weirdness & Mutations

You have very sharp fingernails.
Your flesh is heat resistant. (rF+)
When hurt, damage is shared between your health and your magic reserves.
When seriously injured, your bleeding wounds create very thick armour. (AC +12)


Message History

Cheibriados raises the support of your attributes as your movement slows.
You hit the orc warrior.
The orc warrior is heavily wounded.
You feel sick.
The orc warrior hits you but does no damage.
You hit the orc warrior.
The orc warrior is severely wounded.
You feel sick. You block the orc warrior's attack.
You hit the orc warrior.
The orc warrior is severely wounded.
You feel sick. The orc warrior hits you with a mace!
* * * LOW HITPOINT WARNING * * *
You barely miss the orc warrior.
The orc warrior is severely wounded.
The orc warrior hits you with a mace!
* * * LOW HITPOINT WARNING * * *
You hit the orc warrior.
The orc warrior is almost dead.
You feel sick. The orc warrior hits you with a mace!
You die...

######.....
#####..........
....)..........
..............)
.....^.........
...............
...............
......o@)......
############...


You could see an orc warrior.

Vanquished Creatures
  The ghost of flinch the Sneak, a novice OpEn (D:5)
  Menkaure (D:5)
  Duvessa (D:5)
  An ogre (D:4)
  A phantom (D:4)
  Dowan (D:5)
  A vampire bat (D:4)
  A howler monkey (D:4)
  2 crimson imps
  4 orc priests
  4 hounds (D:4)
  2 orc wizards
  A bullfrog skeleton (D:5)
  An iguana (D:5)
  2 worker ants
  Terence (D:2)
  A hound skeleton (D:5)
  4 gnolls (D:4)
  6 adders
  An ooze (D:3)
  2 worms (D:2)
  A dart slug (D:2)
  3 fire bats (D:4)
  A leopard gecko (D:2)
  13 orcs
  2 spectral bats (D:4)
  3 bat skeletons (D:4)
  A bat zombie (D:4)
  3 giant cockroaches
  9 goblins
  7 hobgoblins
  7 jackals
  3 kobolds
  19 bats
  A bat simulacrum (D:4)
  4 frilled lizards
  10 rats
126 creatures vanquished.

Notes
Turn   | Place    | Note
-------+----------+-------------------------------------------
     0 | D:1      | RedPan the Demonspawn Monk began the quest for the Orb.
     0 | D:1      | Reached XP level 1. HP: 18/18 MP: 1/1
   445 | D:1      | Reached skill level 3 in Long Blades
   508 | D:1      | Gained mutation: When seriously injured, your bleeding wounds create armour. (AC +12) [demonic ancestry]
   508 | D:1      | Reached XP level 2. HP: 12/24 MP: 2/2
   870 | D:2      | Gained mutation: When seriously injured, your bleeding wounds create thick armour. (AC +12) [demonic ancestry]
   870 | D:2      | Reached XP level 3. HP: 24/29 MP: 3/3
  1120 | D:2      | Reached skill level 1 in Shields
  1246 | D:2      | Found a shimmering altar of Xom.
  1297 | D:2      | Noticed Terence
  1329 | D:2      | Killed Terence
  1329 | D:2      | Gained mutation: You have sharp fingernails. [demonic ancestry]
  1329 | D:2      | Reached XP level 4. HP: 12/35 MP: 4/4
  1714 | D:3      | Reached skill level 4 in Long Blades
  1826 | D:3      | Found a bloodstained altar of Trog.
  2328 | D:3      | Gained mutation: You have very sharp fingernails. [demonic ancestry]
  2328 | D:3      | Reached XP level 5. HP: 33/41 MP: 5/5
  2724 | D:4      | Found Tyhoddac's Book Shop.
  2727 | D:4      | Noticed a phantom
  2781 | D:4      | Gained mutation: Your flesh is heat resistant. (rF+) [demonic ancestry]
  2781 | D:4      | Reached XP level 6. HP: 23/47 MP: 6/6
  2785 | D:4      | Reached skill level 5 in Long Blades
  3268 | D:4      | Gained mutation: When seriously injured, your bleeding wounds create very thick armour. (AC +12) [demonic ancestry]
  3268 | D:4      | Reached XP level 7. HP: 25/52 MP: 7/7
  3431 | D:4      | Found a staircase to the Ecumenical Temple.
  3456 | Temple   | Entered the Ecumenical Temple
  3578 | Temple   | Became a worshipper of Cheibriados the Contemplative
  3578 | Temple   | Reached * piety under Cheibriados
  3578 | Temple   | Reached ** piety under Cheibriados
  3857 | D:4      | Found a basalt altar of Yredelemnul.
  3857 | D:4      | Found a bloodstained altar of Trog.
  3862 | D:4      | Found a faded altar of an unknown god.
  3937 | D:4      | Found a faded altar of an unknown god.
  3938 | D:4      | Found a shattered altar of Ashenzari.
  4065 | D:4      | Reached skill level 6 in Long Blades
  4214 | D:5      | Entered Level 5 of the Dungeon
  4224 | D:5      | Noticed flinch's ghost (novice OpEn)
  4245 | D:5      | Killed flinch's ghost
  4245 | D:5      | Reached skill level 5 in Dodging
  4280 | D:5      | Noticed Duvessa
  4285 | D:5      | Noticed Dowan
  4323 | D:5      | Killed Duvessa
  4323 | D:5      | Gained mutation: When hurt, damage is shared between your health and your magic reserves. [demonic ancestry]
  4323 | D:5      | Reached XP level 8. HP: 27/58 MP: 10/10
  4339 | D:5      | Killed Dowan
  4392 | D:5      | Noticed Menkaure
  4651 | D:5      | Killed Menkaure
  4935 | D:5      | Found an opulent altar of Gozag.
  5004 | D:5      | You fall through a shaft for 2 floors!
  5004 | D:7      | Noticed Veteran's ghost (novice DEWz)
  5031 | D:6      | Slain by an orc warrior

Vault maps used:
D:1:      minmay_arrival_up_and_down
D:2:      xom_teletrap_fun, uniq_terence
D:3:      st_stairs_9, trog_hazing_becter
D:4:      chequers_temple_overflow_minitemple, minmay_temple_entry_glassed_door,
          serial_shops, shop, first_ration, goddamned_bats
D:5:      kennysheep_mini, basic_altar, kennysheep_cluttered_room, uniq_duvessa,
          uniq_menkaure
D:6:      elyvilon_altar_1, old_standard_altar
D:7:      chequers_temple_overflow_statue_of_worship, old_standard_altar,
          basic_altar
Temple:   compressed_dpeg_triangle_lava_temple

Skill      XL: |  1  2  3  4  5  6  7 |
---------------+----------------------+-----
Long Blades    | 3 4 5 6 |  6.7
Dodging        | 3 4 5 |  5.8
Shields        | 1 2 3 4 |  4.8
Invocations    | 3 |  3.2
Fighting       | |  3.0
Stealth        | |  1.7

Action                   |  1- 3 |  4- 6 |  7- 9 || total
-------------------------+-------+-------+-------++-------
Melee: Falchion          |    94 |   312 |   297 ||   703
  Use: Scroll            |       |     8 |     3 ||    11
       Potion            |       |       |     1 ||     1
 Stab: Sleeping          |     4 |     1 |     3 ||     8
       Distracted        |       |     1 |     1 ||     2
       Invisible         |       |       |     5 ||     5
  Eat: Chunk             |     1 |     7 |     4 ||    12
Armor: Robe              |    22 |    99 |    39 ||   160
Dodge: Dodged            |    78 |   268 |   117 ||   463
Block: Shield            |       |    68 |   112 ||   180
       Rpst.: Falchion   |    21 |   100 |    37 ||   158

Table legend:
 A = Spawn XP
 B = Non-spawn XP
 C = Spawn XP percentage of total XP
 D = Spawn monster count
 E = Non-spawn monster count
 F = Spawn count percentage of total count
 G = Total turns spent on level
                    A         B        C        D         E        F      G
               +---------+---------+-------+---------+---------+-------+---------
         Total |       0 |    2191 |   0.0 |       0 |     126 |   0.0 |  5031
               +---------+---------+-------+---------+---------+-------+---------
           D:1 |       0 |      15 |   0.0 |       0 |      10 |   0.0 |   787
           D:2 |       0 |     100 |   0.0 |       0 |      24 |   0.0 |   878
           D:3 |       0 |      92 |   0.0 |       0 |      28 |   0.0 |   832
           D:4 |       0 |     890 |   0.0 |       0 |      47 |   0.0 |  1767
           D:5 |       0 |    1088 |   0.0 |       0 |      15 |   0.0 |   606
           D:6 |       0 |       3 |   0.0 |       0 |       1 |   0.0 |    18
           D:7 |       0 |       3 |   0.0 |       0 |       1 |   0.0 |     9
               +---------+---------+-------+---------+---------+-------+---------
